 Dungeon Crawl Stone Soup version 0.29-a0-341-g24ffce5b50 (webtiles) character file.

Game seed: 11881387177864082533

48 siradein the Changer (level 3, 0/23 HPs)
             Began as an Octopode Transmuter on Apr 20, 2022.
             Killed from afar by Sigmund (6 damage)
             ... with a puff of flame
             ... on level 2 of the Dungeon.
             The game lasted 00:02:41 (1316 turns).

siradein the Changer (Octopode Transmuter)          Turns: 1316, Time: 00:02:42

Health: 0/23       AC:  1    Str: 13    XL:     3   Next: 72%
Magic:  6/6        EV: 13    Int: 17    God:
Gold:   88         SH:  0    Dex: 12    Spells: 0/6 levels left

rFire   + . .      SeeInvis .   g - +8 spear of Fate {speed, rF+ rC+ Str+4}
rCold   + . .      Faith    .   (no shield)
rNeg    . . .      Spirit   .   (helmet restricted)
rPois   .          Reflect  .   (no amulet)
rElec   .          Harm     .   (no ring)
rCorr   .          Rampage  .   (no ring)
Will    .....                   (no ring)
Stlth   ++........              (no ring)
HPRegen 0.07/turn               (no ring)
MPRegen 0.10/turn               (no ring)
                                (no ring)
                                (no ring)

@: no status effects
A: almost no armour, amphibious, 8 rings, camouflage 1, gelatinous body 1,
(nimble swimmer 1), tentacles
a: no special abilities


You were on level 2 of the Dungeon.
You visited 1 branch of the dungeon, and saw 2 of its levels.

You collected 88 gold pieces.

Inventory:

Hand Weapons
 g - the +8 spear of Fate (weapon) {speed, rF+ rC+ Str+4}
   (You found it on level 2 of the Dungeon)

   Attacks with this weapon are significantly faster.
   Str:       It affects your strength (+4).
   rF:        It protects you from fire.
   rC:        It protects you from cold.
Jewellery
 k - a ring of willpower
Scrolls
 b - a scroll of brand weapon {unknown}
 c - 2 scrolls of identify {unknown}
 f - a scroll of teleportation {unknown}
 h - a scroll of summoning {unknown}
 i - a scroll of vulnerability {unknown}
 l - a scroll of enchant armour {unknown}
Potions
 a - a potion of lignification
 d - 2 potions of curing {unknown}
 e - 3 potions of brilliance {unknown}
 j - a potion of cancellation {unknown}


   Skills:
 - Level 1.0 Fighting
 - Level 2.0 Dodging
 - Level 3.0 Unarmed Combat
 - Level 2.0 Spellcasting
 + Level 3.8 Transmutations
 + Level 0.8 Poison Magic


You couldn't memorise any spells.
You knew the following spells:

 Your Spells              Type           Power      Damage    Failure   Level
a - Beastly Appendage     Tmut           28%        N/A       4%          1
b - Spider Form           Tmut/Pois      9%         N/A       22%         3
c - Wereblood             Tmut           14%        N/A       6%          2

Your spell library contained the following spells:

 Spells                   Type           Power      Damage    Failure   Level
 Pain                     Necr           4%         1d4       19%         1
 Ignite Poison            Fire/Tmut/Pois 7%         N/A       30%         3
 Mephitic Cloud           Conj/Pois/Air  2%         N/A       45%         3
 Dazzling Flash           Conj/Hex       2%         N/A       50%         3
 Ice Form                 Ice/Tmut       8%         N/A       65%         4
 Agony                    Necr           1%         N/A       99%         5
 Excruciating Wounds      Necr           0%         N/A       99%         5
 Freezing Cloud           Conj/Ice/Air   0%         6-21      99%         5
 Silence                  Hex/Air        0%         N/A       99%         5


Dungeon Overview and Level Annotations

Branches:
Dungeon (2/15)

Altars:

Annotations:
D:2 Sigmund


Innate Abilities, Weirdness & Mutations

You cannot wear most types of armour.
You are amphibious.
You can wear up to eight rings at the same time.
Your skin changes colour to match your surroundings (Stealth+).
Your rubbery body absorbs attacks. (AC +1, EV +1)
((You are camouflaged when in or above water. (Stealth+)))
You have tentacles for arms and can constrict up to eight enemies at once.


Message History

You kill the jackal!
You barely miss the jackal. Your grab misses the jackal.
Your squeeze misses the jackal. The jackal misses you.
You barely miss the jackal. Your grab misses the jackal.
Your squeeze misses the jackal. The jackal bites you. x2
You hit the jackal. You grab the jackal. Your squeeze misses the jackal.
The jackal is lightly wounded.
You constrict the jackal.
The jackal bites you but does no damage.
The jackal bites you.
You hit the jackal but do no damage. You squeeze the jackal.
The jackal is heavily wounded.
You constrict the jackal. The jackal barely misses you.
The jackal bites you but does no damage.
You barely miss the jackal.
The jackal is severely wounded.
You constrict the jackal. The jackal closely misses you.
The jackal barely misses you.
You hit the jackal.
You kill the jackal!
Sigmund the Dreaded comes into view.
He is wielding a +0 scythe.
The jackal bites you.
You hit the jackal.
You kill the jackal!
Found an escape hatch in the ceiling.
You see here a jackal corpse.
Sigmund points at you and mumbles some strange words.
The puff of flame hits you. You resist.
You see here a jackal corpse.
Found 23 stones.
Sigmund mumbles some strange words.
Sigmund flickers and vanishes!
Deactivating autopickup; reactivate with Ctrl-A.
Something tries to affect you, but you resist.
A puff of flame appears from out of thin air!
The puff of flame hits you. You resist.
* * * LOW HITPOINT WARNING * * *
A puff of flame appears from out of thin air!
The puff of flame hits you. You resist.
You die...

#..#.##..##..##.#.##.....##..
##.#.##.###.....#......#..#.#
#....#.###..########..##.#.#
###....#...## #.)....#.#
#.#......## #.###..#.(
#.##......# ##.# #..#..
#.#.......# #..# #..#..
##<#.......######.## #..#..
#......##.@.....#.####.....
#......###.......{.........
#............###.#####.##..
##...#..##.......### #.....
##.#......##..#....###...{.
#......##.###.#.##.......##
##...##.##..##.#>.(........#
##....##.###..#...#####.....#
###...#.##.#........#####......


There were no monsters in sight!

Vanquished Creatures
  An adder (D:2)
  5 bats
  4 endoplasms
  A goblin (D:2)
  5 hobgoblins
  4 jackals (D:2)
  2 kobolds (D:2)
  2 quokkas (D:2)
  A ball python (D:2)
  4 frilled lizards
  6 rats
35 creatures vanquished.

Notes
Turn   | Place    | Note
-------+----------+-------------------------------------------
     0 | D:1      | siradein the Octopode Transmuter began the quest for the
                  | Orb.
     0 | D:1      | Reached XP level 1. HP: 13/13 MP: 3/3
   209 | D:1      | Reached XP level 2. HP: 17/18 MP: 5/5
   430 | D:1      | Found a faded altar of an unknown god.
   807 | D:2      | Identified the +8 spear of Fate {speed, rF+ rC+ Str+4}
   837 | D:2      | Reached XP level 3. HP: 23/23 MP: 4/6
   841 | D:2      | Learned a level 3 spell: Spider Form
   844 | D:2      | Learned a level 2 spell: Wereblood
  1292 | D:2      | Noticed Sigmund
  1316 | D:2      | Killed from afar by Sigmund

Illustrated notes

Levels and vault maps discovered:
D:1:      ebering_trefoil_twist, layout_loops_ring,
          ebering_ecumenical_altar_sacrificial
D:2:      layout_rooms, uniq_sigmund

Skill      XL: |  1  2 |
---------------+-------+-----
Transmutations | 3 |  3.8
Fighting       | |  1.0
Dodging        | |  2.0
Unarmed Combat | |  3.0
Spellcasting   | |  2.0
Poison Magic   | |  0.8

Action                   || total
-------------------------++-------
Melee: Unarmed           ||    30
       Constrict         ||    14
       Kick              ||     7
       Tentacles         ||    12
       Spear             ||    41
       Punch             ||     2
 Cast: Beastly Appendage ||    12
 Stab: Sleeping          ||    13
Armor: Skin              ||     5
Dodge: Dodged            ||    28

Table legend: (Time is in decaauts)
 A = Elapsed time spent in this place.
 B = Non-inter-level travel time spent in this place.
 C = Inter-level travel time spent in this place.
 D = Time resting spent in this place.
 E = Time spent auto-exploring this place.
 F = Levels seen in this place.
 G = Mean time per level.
                   A        B        C        D        E       F      G
               +--------+--------+--------+--------+--------+-----+--------+
         Total |   1302 |   1274 |     28 |      0 |   1024 |   2 |  651.0 |
       Dungeon |   1302 |   1274 |     28 |      0 |   1024 |   2 |  651.0 |
               +--------+--------+--------+--------+--------+-----+--------+

Top non-repeatable levels by time:
     D:1: 799 daAuts
     D:2: 503 daAuts
